 Dungeon Crawl Stone Soup version 0.25-a0-398-g1920f1ac21 (console) character file.

Game seed: 16870961507296791760, levelgen mode: deterministic

107 Kagalorn the Sneak (level 4, -5/38 HPs)
             Began as a Naga Arcane Marksman on Jan 8, 2020.
             Slain by a bullfrog skeleton (6 damage)
             ... on level 2 of the Dungeon.
             The game lasted 00:06:32 (1825 turns).

Kagalorn the Sneak (Naga Arcane Marksman)           Turns: 1825, Time: 00:06:33

Health: -5/38      AC:  3    Str: 13    XL:     4   Next: 85%
Magic:  5/5        EV: 10    Int: 13    God:
Gold:   50         SH:  0    Dex: 12    Spells: 4/5 levels left

rFire    . . .     SeeInvis +   a - +0 shortbow
rCold    . . .     Gourm    .   (shield currently unavailable)
rNeg     . . .     Faith    .   e - +0 robe
rPois    +         Spirit   .   (no helmet)
rElec    .         Reflect  .   s - +0 cloak {rPois}
rCorr    .         Harm     .   (no gloves)
MR       .....                  (no barding)
Stlth    +++.......             (no amulet)
HPRegen  0.12/turn              (no ring)
MPRegen  0.09/turn              (no ring)

@: very slow
A: large, see invisible, deformed body, poison resistance, slowness 2, slow
metabolism 1, spit poison 1, AC +1
a: Spit Poison


You were on level 2 of the Dungeon.
You were near starving.

You visited 1 branch of the dungeon, and saw 4 of its levels.

You collected 50 gold pieces.

Inventory:

Hand Weapons
 a - a +0 shortbow (weapon)
 b - a +0 hand axe
Missiles
 d - 3 arrows (quivered)
 g - 21 poisoned darts
Armour
 e - a +0 robe (worn)
 s - a +0 cloak of poison resistance (worn)
Jewellery
 q - an uncursed ring of poison resistance {unknown}
 r - a +4 ring of slaying {unknown}
Scrolls
 c - a scroll of fog {unknown}
 h - 4 scrolls of identify {unknown}
 i - a scroll of immolation {unknown}
 m - a scroll of noise {unknown}
 n - 3 scrolls of random uselessness {unknown}
Potions
 j - a potion of lignification {unknown}
 k - a potion of curing
 l - a potion of might {unknown}
 o - a potion of ambrosia {unknown}
 p - a potion of mutation {unknown}
Comestibles
 f - 5 rations


   Skills:
 - Level 1.0 Fighting
 - Level 1.7 Bows
 - Level 1.5 Dodging
 * Level 6.9 Stealth
 - Level 1.0 Spellcasting
 - Level 3.0 Hexes


You had 4 spell levels left.
You knew the following spells:

 Your Spells              Type           Power        Failure   Level  Hunger
a - Corona                Hex            #......      9%          1    ##.....

Your spell library contained the following spells:

 Spells                   Type           Power        Failure   Level  Hunger
 Slow                     Hex            #.......     12%         2    ###....
 Inner Flame              Hex/Fire       #.......     41%         3    ####...
 Portal Projectile        Hex/Tloc       #.....       41%         3    ####...
 Cause Fear               Hex            #.........   63%         4    #####..
 Leda's Liquefaction      Hex/Erth       #.........   83%         4    #####..


Dungeon Overview and Level Annotations

Branches:
Dungeon (4/15)
 Temple: D:4-7

Altars:


Innate Abilities, Weirdness & Mutations

You cannot wear boots.
Your serpentine skin is tough. (AC +1)
You have supernaturally acute eyesight. (SInv)
Armour fits poorly on your strangely shaped body.
Your system is resistant to poisons. (rPois)
You cover ground very slowly.
You have a slow metabolism.
You can spit poison.


Message History

The bullfrog skeleton hits you.
* * * LOW HITPOINT WARNING * * *
The bullfrog skeleton closely misses you.
The bullfrog skeleton barely misses you.
The bullfrog skeleton hits you.
* * * LOW HITPOINT WARNING * * *
The bullfrog skeleton closely misses you.
A rat comes into view.
The bullfrog skeleton hits you.
* * * LOW HITPOINT WARNING * * *
The rat bites you but does no damage. The bullfrog skeleton hits you.
* * * LOW HITPOINT WARNING * * *
The rat bites you.
* * * LOW HITPOINT WARNING * * *
The rat bites you but does no damage.
The bullfrog skeleton closely misses you.
The rat bites you.
* * * LOW HITPOINT WARNING * * *
The bullfrog skeleton hits you.
You die...

#..........#........#
#..........#........#
#.......)..#(#......#
#..........#......w.#
#...........###.....#
#..............Z....#
............##.#.###
............#Zr#.#
............@##.####
...............#
#####..........#
#..........#
#..........#
#..........#### ###
#.............# s..
#.............# ...
#########†....# ...


You could see a worm, a rat, an adder skeleton and a bullfrog skeleton.

Vanquished Creatures
  A gnoll (D:1)
  An adder (D:2)
  4 oozes
  An adder zombie (D:2)
  A worm (D:2)
  2 dart slugs
  4 orcs (D:3)
  A ball python (D:1)
  4 bat zombies (D:2)
  3 giant cockroaches
  3 goblins
  5 hobgoblins
  5 jackals (D:3)
  4 bats
  3 frilled lizards (D:2)
  A jackal zombie (D:2)
  4 kobolds
  A leopard gecko zombie (D:2)
  7 rats
55 creatures vanquished.

Notes
Turn   | Place    | Note
-------+----------+-------------------------------------------
     0 | D:1      | Kagalorn the Naga Arcane Marksman began the quest for the
                  | Orb.
     0 | D:1      | Reached XP level 1. HP: 18/18 MP: 2/2
    46 | D:1      | Reached skill level 1 in Stealth
    81 | D:1      | Reached skill level 2 in Stealth
    92 | D:1      | Reached XP level 2. HP: 24/25 MP: 3/3
   150 | D:1      | Reached skill level 3 in Stealth
   300 | D:1      | Reached skill level 4 in Stealth
   300 | D:1      | Reached XP level 3. HP: 15/31 MP: 4/4
   752 | D:2      | Reached skill level 5 in Stealth
   775 | D:2      | You fall into a shaft and drop 2 floors!
   876 | D:3      | Reached XP level 4. HP: 13/38 MP: 5/5
  1049 | D:3      | Reached skill level 6 in Stealth
  1825 | D:2      | HP: 1/38 [rat (2)]
  1825 | D:2      | Slain by a bullfrog skeleton

Levels and vault maps discovered:
D:1:      ncdulo_wetmaze, layout_rooms
D:2:      layout_basic, serial_undead, serial_undead_a, serial_undead_f,
          serial_undead_a, serial_undead_a, serial_undead_b,
          minmay_small_reverse_x
D:3:      layout_basic, first_ration, hex_tiny, grunt_ministairs_6
D:4:      layout_basic, lemuel_coloured_pillars_altar,
          grunt_temple_overflow_octagram, minmay_box_of_dots

Skill      XL: |  1  2  3  4 |
---------------+-------------+-----
Stealth        | 2 4 5 6 |  6.9
Fighting       | |  1.0
Bows           | |  1.7
Dodging        | |  1.5
Spellcasting   | |  1.0
Hexes          | |  3.0

Action                   |  1- 3 |  4- 6 || total
-------------------------+-------+-------++-------
Melee: Unarmed           |    53 |       ||    53
       Hand axe          |     3 |    60 ||    63
 Fire: Shortbow          |    19 |    13 ||    32
Throw: Dart              |     2 |     2 ||     4
 Abil: Spit Poison       |    36 |    12 ||    48
  Use: Potion            |       |     1 ||     1
 Stab: Sleeping          |     3 |     6 ||     9
  Eat: Chunk             |     1 |     2 ||     3
Armor: Robe              |    17 |    35 ||    52
Dodge: Dodged            |    69 |    75 ||   144

Table legend:
 A = Non-vault XP
 B = Vault XP
 C = Vault XP percentage of total XP
 D = Non-vault monster count
 E = Vault monster count
 F = Vault count percentage of total count
                 A         B        C        D         E       F
            +---------+---------+-------+---------+---------+-------
      Total |     122 |      31 |  20.3 |      45 |      10 |  18.2
            +---------+---------+-------+---------+---------+-------
        D:1 |      59 |       1 |   1.7 |      21 |       1 |   4.5
        D:2 |      26 |      30 |  53.6 |      10 |       9 |  47.4
        D:3 |      37 |       0 |   0.0 |      14 |       0 |   0.0
            +---------+---------+-------+---------+---------+-------
